 Dungeon Crawl Stone Soup version 0.19.1-1-g22dce08 (webtiles) character file.

95 Gargoyl the Skirmisher (level 4, -2/40 HPs)
             Began as a Ghoul Abyssal Knight on Jan 10, 2017.
             Was a Follower of Lugonu.
             Slain by a worm (4 damage)
             ... on level 2 of the Dungeon.
             The game lasted 00:03:56 (1700 turns).

Gargoyl the Skirmisher (Ghoul Abyssal Knight)       Turns: 1700, Time: 00:03:57

Health: -2/40      AC: 12    Str: 13 (15) XL:     4   Next: 66%
Magic:  5/5        EV:  3    Int: 10 (13) God:    Lugonu [*.....]
Gold:   212        SH:  0    Dex:  7 (9)  Spells: 0 memorised, 3 levels left

rFire  + . .     SeeInvis .     a - +2 hand axe
rCold  + . .     Gourm    .     d - +1 plate armour
rNeg   + + +     Faith    .     (no shield)
rPois  ∞         Spirit   .     (no helmet)
rElec  .         Reflect  .     (no cloak)
rCorr  .         Harm     .     (no gloves)
MR     .....                    (no boots)
Stlth  ..........               (no amulet)
                                n - +6 ring of intelligence
                                i - ring of protection from fire

@: rotting
A: rotting body, claws 1, carnivore 3, cold resistance 1, negative energy
resistance 3, slow regeneration 1, torment resistance, unbreathing
a: Depart the Abyss, Renounce Religion


You were on level 2 of the Dungeon.
You worshipped Lugonu.
Lugonu was aware of your devotion.
You were not hungry.

You visited 1 branch of the dungeon, and saw 2 of its levels.
You visited the Abyss 1 time.

You collected 212 gold pieces.

Inventory:

Hand Weapons
 a - a +2 hand axe (weapon)
Armour
 b - a +0 leather armour
 d - a +1 plate armour (worn)
Jewellery
 i - a ring of protection from fire (left claw)
 n - a +6 ring of intelligence (right claw)
Scrolls
 e - a scroll of identify
 g - a scroll of enchant weapon
 k - 3 scrolls of teleportation {unknown}
 l - a scroll of magic mapping {unknown}
 m - a scroll of remove curse {unknown}
 r - a scroll of recharging {unknown}
Comestibles
 c - 2 meat rations
 f - a beef jerky
 o - a slice of pizza
 q - 2 chunks of flesh


   Skills:
 + Level 3.9 Fighting
 + Level 2.5 Axes
 * Level 2.9 Armour
 + Level 0.8 Dodging
 * Level 2.8 Invocations


You had 3 spell levels left.
You didn't know any spells.

Dungeon Overview and Level Annotations

Branches:
Dungeon (2/15)

Altars:


Innate Abilities, Weirdness & Mutations

Your body is rotting away.
You thrive on raw meat.
You are immune to poison.
You have sharp fingernails.
You are carnivorous and can eat meat at any time.
Your flesh is cold resistant. (rC+)
You are immune to negative energy. (rN+++)
You regenerate slowly when monsters are visible.
You are immune to unholy pain and torment.
You can survive without breathing.


Message History

Unknown command.
You completely miss the gnoll.
The gnoll is severely wounded.
You hit the worm. The gnoll hits you with a spear. The worm bites you.
* * * LOW HITPOINT WARNING * * *
The gnoll barely misses you.
Unknown command.
You hit the gnoll.
You kill the gnoll!
Lugonu accepts your kill.
You hit the worm but do no damage. The bat barely misses you.
The gnoll hits you from afar with a spear.
* * * LOW HITPOINT WARNING * * *
The worm bites you.
* * * LOW HITPOINT WARNING * * *
The bat completely misses you. The bat hits you.
* * * LOW HITPOINT WARNING * * *
The worm bites you.
You die...

.##...............#
..................#
#..........#......#
..........#......#
..........#......# #
#...(.....#......##.#.#
.........#####....!..#
..#####.# #.......# ..
#.# #.#@#####
.#####.###.#.wg..#
............#b##.....
##.####.#####g# .[.#
#.# ... #.# #.# ..... .
#.# .......
............
#.##.........


You could see a worm, 2 gnolls and a bat.

Vanquished Creatures
  Ijyb (D:2)
  2 adders (D:2)
  2 gnolls (D:2)
  A dart slug (D:2)
  A ball python (D:1)
  3 giant cockroaches
  7 goblins
  3 hobgoblins
  4 bats
  2 frilled lizards (D:1)
  5 kobolds (D:1)
  A rat (D:1)
32 creatures vanquished.

Vanquished Creatures (others)
  2 starspawn tentacles (Abyss:2)
2 creatures vanquished.

Grand Total: 34 creatures vanquished

Notes
Turn   | Place    | Note
-------+----------+-------------------------------------------
     0 | Abyss:1  | Gargoyl the Ghoul Abyssal Knight began the quest for the Orb.
     0 | Abyss:1  | Reached XP level 1. HP: 19/19 MP: 1/1
    39 | Abyss:2  | Found a corrupted altar of Lugonu.
    70 | Abyss:2  | Noticed a tentacled starspawn
    78 | Abyss:2  | Noticed a small abomination
    82 | Abyss:2  | Noticed a small abomination
    84 | Abyss:2  | Noticed a wretched star
    95 | D:1      | Escaped the Abyss
   448 | D:1      | Reached * piety under Lugonu
   453 | D:1      | Reached XP level 2. HP: 23/26 MP: 2/2
  1194 | D:1      | Reached XP level 3. HP: 32/32 MP: 3/3
  1389 | D:2      | Noticed Ijyb
  1411 | D:2      | Killed Ijyb
  1417 | D:2      | Reached XP level 4. HP: 37/40 MP: 4/4
  1700 | D:2      | HP: 2/40 [bat (1)]
  1700 | D:2      | Slain by a worm

Skill      XL: |  1  2 |
---------------+-------+-----
Armour         | 2 |  2.9
Axes           | 2 |  2.5
Fighting       | |  3.9
Dodging        | |  0.8
Invocations    | |  2.8

Action                   |  1- 3 |  4- 6 || total
-------------------------+-------+-------++-------
Melee: Hand axe          |   113 |    24 ||   137
Invok: Depart the Abyss  |     1 |       ||     1
  Use: Scroll            |     1 |     3 ||     4
       Potion            |       |     4 ||     4
  Eat: Chunk             |    11 |     4 ||    15
Armor: Plate armour      |   104 |    27 ||   131
Dodge: Dodged            |    42 |    10 ||    52
